 Dungeon Crawl Stone Soup version 0.30.1-11-g7821555f0a (webtiles) character file.

Game seed: 9588364017886421211

58 Panamasi the Magician (level 3, 0/25 HPs)
             Began as a Mummy Fire Elementalist on Dec 11, 2023.
             Slain by an orc
             ... wielding a +0 trident
              (9 damage)
             ... on level 3 of the Dungeon.
             The game lasted 00:04:21 (973 turns).

Panamasi the Magician (Mummy Fire Elementalist)      Turns: 973, Time: 00:04:21

Health: 0/25       AC:  2    Str: 11    XL:     3   Next: 76%
Magic:  0/7        EV: 12    Int: 16    God:
Gold:   50         SH:  0    Dex: 12    Spells: 2/8 levels left

rFire   x . .        (no weapon)
rCold   + . .        (no shield)
rNeg    + + +        a - +0 robe
rPois   ∞            (no helmet)
rElec   .            (no cloak)
rCorr   .            (no gloves)
SInv    .            (no boots)
Will    .....        (no amulet)
Stlth   ++           d - ring of wizardry
HPRegen 0.24/turn    (no ring)
MPRegen 0.10/turn

%: faith, wizardry (x1)
@: no status effects
A: cold resistance 1, negative energy resistance 3, torment resistance 2, heat
vulnerability 1, in touch with death 1, no potions, faith
a: no special abilities


You were on level 3 of the Dungeon.
You visited 1 branch of the dungeon, and saw 3 of its levels.

You collected 50 gold pieces.

Inventory:

Armour
 a - a +0 robe (worn)
Jewellery
 d - a ring of wizardry (left hand)
Scrolls
 b - 2 scrolls of noise


   Skills:
 * Level 0.4 Fighting
 * Level 0.6 Armour
 * Level 1.9 Dodging
 * Level 1.9 Stealth
 * Level 3.2 Spellcasting
 * Level 1.0 Conjurations
 * Level 3.0 Fire Magic


You had 2 spell levels left.
You knew the following spells:

 Your Spells              Type           Power      Damage    Failure   Level
a - Foxfire               Conj/Fire      36%        2x1d5     3%          1
b - Scorch                Fire           24%        2d6       3%          2
c - Inner Flame           Hex/Fire       7%         N/A       12%         3

Your spell library contained the following spells:

 Spells                   Type           Power      Damage    Failure   Level
 Volatile Blastmotes      Fire/Tloc      14%        2d11      12%         3
 Flame Wave               Conj/Fire      9%         2d6       30%         4


Dungeon Overview and Level Annotations

Branches:
Dungeon (3/15)

Altars:


Innate Abilities, Weirdness & Mutations

You are immune to poison.
Your flesh is cold resistant. (rC+)
You are immune to negative energy. (rN+++)
You are immune to unholy pain and torment.
You are vulnerable to heat. (rF-)
You are in touch with the powers of death.
You do not drink.
You have a special connection with the divine. (Faith)


Message History

Confirm with . or Enter, or press ? or * to list all spells.
You conjure some foxfire!
The bat barely misses you. The endoplasm freezes you.
You are frozen.
You resist.
The foxfire hits the bat.
The bat is heavily wounded.
The foxfire hits the bat.
You kill the bat!
The endoplasm attacks as you move away! The endoplasm closely misses you.
The orc hits you from afar with a +0 trident.
The endoplasm barely misses you. The orc barely misses you.
The endoplasm hits you.
* * * LOW HITPOINT WARNING * * *
You see here 17 gold pieces.
You see here 8 gold pieces.
The endoplasm attacks as you move away! The endoplasm closely misses you.
You see here a red potion.
Casting: Foxfire (safe; 3% risk of failure)
Confirm with . or Enter, or press ? or * to list all spells.
You conjure some foxfire!
The endoplasm freezes you.
You are frozen.
You resist.
* * * LOW HITPOINT WARNING * * *
The foxfire hits the endoplasm.
The endoplasm is severely wounded.
The foxfire hits the endoplasm.
You kill the endoplasm!
Casting: Foxfire (safe; 3% risk of failure)
Confirm with . or Enter, or press ? or * to list all spells.
You conjure some foxfire!
The orc hits you from afar with a +0 trident.
The foxfire hits the orc.
The orc is severely wounded.
The foxfire hits the orc but does no damage.
The orc is severely wounded.
The orc barely misses you. The orc closely misses you.
The orc closely misses you.
The orc hits you from afar with a +0 trident!
You die...

### ##.## #####.#.##
######### #....###.#
....>...#######)###.#.##
...†............@.....#
####.._..####..PPPP...#
..........$$!.....o..##
........#######)####.#
.#####....# #.# #.# .#
#....... ..# #.# .#
#......#.[.. ... ..
.........### ### ..
##.#.##.#.


You could see an orc.

Vanquished Creatures
  4 adders (D:2)
  2 orcs (D:3)
  3 endoplasms
  2 giant cockroaches
  2 goblins
  2 hobgoblins
  3 bats
  A frilled lizard (D:2)
  A kobold (D:2)
  2 rats (D:1)
22 creatures vanquished.

Vanquished Creatures (others)
  46 foxfires
46 creatures vanquished.

Grand Total: 68 creatures vanquished

Notes
Turn   | Place    | Note
-------+----------+-------------------------------------------
     0 | D:1      | Panamasi the Mummy Fire Elementalist began the quest for
                  | the Orb.
     0 | D:1      | Reached XP level 1. HP: 13/13 MP: 4/4
   280 | D:1      | Reached XP level 2. HP: 15/19 MP: 2/5
   283 | D:1      | Learned a level 2 spell: Scorch
   500 | D:2      | Reached skill level 1 in Conjurations
   595 | D:2      | Gained mutation: You are in touch with the powers of death.
                  | [Mummy growth]
   595 | D:2      | Reached XP level 3. HP: 19/24 MP: 4/7
   840 | D:2      | Learned a level 3 spell: Inner Flame
   973 | D:3      | Slain by an orc

Illustrated notes

Levels and vault maps discovered:
D:1:      psy_arrival_fountain, layout_basic
D:2:      kennysheep_big_flooded_room, layout_loops_cross, amethyst_killhole
D:3:      layout_loops_ring, mainiacjoe_overflow_boulevard,
          fedhas_ov_isle_minmay, nicolae_vehumet_radiance, dk_vineyard_3,
          kennysheep_doodads

Skill      XL: |  1  2  3 |
---------------+----------+-----
Conjurations   | 1 |  1.0
Spellcasting   | 3 |  3.2
Fire Magic     | 3 |  3.0
Fighting       | |  0.4
Armour         | |  0.6
Dodging        | |  1.9
Stealth        | |  1.9

Action                     || total
---------------------------++-------
   Cast: Foxfire           ||    27
         Scorch            ||     9
    Use: Scroll            ||     5
 Armour: Robe              ||    20
  Dodge: Dodged            ||    80
